 Dungeon Crawl Stone Soup version 0.31.0-11-ge490571c62 (webtiles) character file.

Game seed: 17430778431353712483

19717 Ijustatesigmund the Warrior (level 12, -18/88 HPs)
             Began as a Gargoyle Fighter on Feb 2, 2024.
             Was an Elder of Vehumet.
             Demolished by a white ugly thing (35 damage)
             ... in a Gauntlet.
             The game lasted 00:26:29 (13436 turns).

Ijustatesigmund the Warrior (Gargoyle Fighter)     Turns: 13436, Time: 00:26:30

Health: -18/88     AC: 26    Str: 26    XL:     12   Next: 71%
Magic:  22/22      EV: 12    Int: 14    God:    Vehumet [****..]
Gold:   607        SH:  6    Dex:  9    Spells: 25/25 levels left

rFire   . . .        e - +2 flail (heavy)
rCold   . . .        c - +2 buckler
rNeg    + . .        b - +0 acid dragon scales
rPois   ∞            (no helmet)
rElec   +            h - +2 cloak
rCorr   +            t - +1 pair of gloves
SInv    .            (no boots)
Will    .....        z - amulet of regeneration
Stlth   +            G - +4 ring of protection
HPRegen 1.14/turn    E - +6 ring of strength
MPRegen 0.18/turn

%: no teleportation
@: mighty
A: sickness immunity, AC +8, negative energy resistance 1, electricity
resistance, torment resistance 1, petrification resistance
a: Renounce Religion


You were in a Gauntlet.
You worshipped Vehumet.
Vehumet was greatly pleased with you.
You visited 2 branches of the dungeon, and saw 14 of its levels.
You also visited: Sewer, Bailey and Gauntlet.

You collected 607 gold pieces.

Inventory:

Hand Weapons
 a - a +1 flail of freezing
 e - a +2 heavy flail (weapon)
Missiles
 y - 5 throwing nets (quivered)
Armour
 b - +0 acid dragon scales (worn)
 c - a +2 buckler (worn)
 h - a +2 cloak (worn)
 t - a +1 pair of gloves (worn)
Magical Staves
 k - a staff of conjuration
Jewellery
 g - an amulet of magic regeneration
 j - an amulet of the acrobat
 z - an amulet of regeneration (around neck)
 C - a ring of fire
 E - a +6 ring of strength (right hand)
 G - a +4 ring of protection (left hand)
 J - a ring of ice
Wands
 s - a wand of paralysis (2)
 v - a wand of flame (22)
 A - a wand of roots (4)
Scrolls
 f - 2 scrolls of enchant weapon
 l - 3 scrolls of enchant armour
 n - 3 scrolls of blinking
 o - a scroll of teleportation
 p - 4 scrolls of fear
 u - a scroll of revelation
 w - 2 scrolls of brand weapon
 D - 3 scrolls of immolation
Potions
 d - a potion of resistance
 i - a potion of haste
 m - a potion of magic
 r - 2 potions of attraction
 x - 2 potions of lignification
 B - 4 potions of brilliance
 H - a potion of berserk rage {unknown}
 I - 7 potions of curing
 K - a potion of enlightenment
Miscellaneous
 F - a lightning rod (4/4)


   Skills:
 + Level 15.5 Fighting
 + Level 9.7 Maces & Flails
 + Level 7.5 Armour
 - Level 4.2 Dodging
 - Level 4.3 Shields
 - Level 7.1 Spellcasting
 - Level 3.1 Evocations


You had 25 spell levels left.
You didn't know any spells.
Your spell library contained the following spells:

 Spells                   Type           Power      Damage    Failure   Level
 Sticky Flame             Fire/Alch      4%         2d4       43%         4
 Kiss of Death            Conj/Necr      16%        2d6       5%          1
 Shock                    Conj/Air       16%        1d4       5%          1
 Dazzling Flash           Conj/Hex       8%         N/A       16%         3
 Hailstorm                Conj/Ice       4%         3d5       16%         3
 Mephitic Cloud           Conj/Alch/Air  4%         N/A       16%         3
 Airstrike                Air            2%         2d(1-17)  43%         4
 Confusing Touch          Hex            4%         N/A       52%         3
 Summon Ice Beast         Ice/Summ       4%         N/A       52%         3
 Swiftness                Air            4%         N/A       52%         3
 Tukima's Dance           Hex            4%         N/A       52%         3
 Yara's Violent Unravell  Hex/Alch       2%         3d3       77%         5
 Dispel Undead            Necr           4%         3d7       89%         4
 Passage of Golubria      Tloc           4%         N/A       89%         4
 Curse of Agony           Necr           4%         N/A       99%         5
 Silence                  Hex/Air        2%         N/A       99%         5
 Sculpt Simulacrum        Ice/Alch       2%         N/A       100%        6


Dungeon Overview and Level Annotations

Branches:
Dungeon (13/15)            Temple (1/1) D:7            Lair (0/5) D:10
    Orc (0/2) D:10         Vaults (0/5) D:13          Sewer (visited)
 Bailey (visited)         Gauntlet (1/1)

Altars:
Ashenzari
Cheibriados
Dithmenos
Elyvilon
Fedhas
Gozag
Hepliaklqana
Kikubaaqudgha
Makhleb
Nemelex Xobeh
Okawaru
Qazlal
Ru
Sif Muna
Trog
Uskayaw
Vehumet
Wu Jian
Xom
Yredelemnul
Zin
The Shining One

Shops:
D:5 :   D:6 (

Annotations:
Gauntlet 1 transporter


Innate Abilities, Weirdness & Mutations

You are immune to sickness and miasma.
Your stone body is resilient. (AC +8)
You are immune to poison.
You resist negative energy. (rN+)
You are resistant to electric shocks. (rElec)
You are resistant to unholy torment.
You are immune to petrification.


Message History

The green ugly thing headbutts you but does no damage.
You closely miss the green ugly thing.
The green ugly thing is heavily wounded.
You block the green ugly thing's attack.
You hit the green ugly thing.
The green ugly thing is severely wounded.
The green ugly thing barely misses you.
The green ugly thing headbutts you but does no damage.
You bludgeon the green ugly thing!!
The green ugly thing is almost dead.
The green ugly thing headbutts you.
You bludgeon the green ugly thing!!
You kill the green ugly thing!
Vehumet accepts your kill.
A white ugly thing comes into view.
You thump the white ugly thing!
The white ugly thing is lightly wounded.
The white ugly thing tentacle-slaps you but does no damage.
You closely miss the white ugly thing.
The white ugly thing is lightly wounded.
The white ugly thing tentacle-slaps you.
The white ugly thing freezes you!! The white ugly thing barely misses you.
You are too injured to fight recklessly!
You are too injured to fight recklessly!
You are too injured to fight recklessly!
You are too injured to fight recklessly!
You are too injured to fight recklessly!
You feel very mighty all of a sudden.
The white ugly thing tentacle-slaps you.
The white ugly thing freezes you!!
* * * LOW HITPOINT WARNING * * *
You sock the white ugly thing!
The white ugly thing is moderately wounded.
The white ugly thing tentacle-slaps you but does no damage.
You closely miss the white ugly thing.
The white ugly thing is moderately wounded.
The white ugly thing tentacle-slaps you.
* * * LOW HITPOINT WARNING * * *
The white ugly thing freezes you!!
You die...

..# ..# #..# .#..#
..# # #.#..#
..#.^#####^.#..#
..#.#..#©.#.#..#
..#.#..#@.#.#..#
..#..##u##..#..#
..#.........#..#
..###########..##
≈§...#.©.#.....#8
§8≈...#...#.8...#
.≈....#.©.#.....#
...###########..###
...##...©...##..#8#


You could see a white ugly thing.

Vanquished Creatures
  A great orb of eyes (Gauntlet)
  A tengu warrior (D:10)
  4 two-headed ogres (D:12)
  A boulder beetle (D:11)
  A soul eater (Gauntlet)
  A fire crab (shapeshifter) (D:12)
  An arcanist (Gauntlet)
  A phantasmal warrior (D:13)
  An ugly thing (Gauntlet)
  2 manticores (D:12)
  A cyclops (D:11)
  An unseen horror (D:7)
  2 komodo dragons
  4 trolls
  Prince Ribbit (D:8)
  2 shadows (D:10)
  2 vampires
  13 yaks
  A wraith (D:12)
  7 vampire mosquitoes
  2 water moccasins
  4 acid dragons
  4 ice beasts
  3 sky beasts
  7 orc warriors
  2 black bears
  2 ogres
  5 wolves (Bailey)
  3 centaurs
  4 kobold brigands
  Blork the orc (D:5)
  2 brain worms (Sewer)
  8 gnoll sergeants
  A bullfrog (D:8)
  3 scorpions
  10 killer bees (D:9)
  An electric eel (D:7)
  3 howler monkeys
  3 bombardier beetles
  3 jellies
  4 hounds
  12 orc priests
  8 gnoll boudas
  6 iguanas
  8 orc wizards
  Ijyb (D:4)
  Robin (D:4)
  13 adders
  31 gnolls
  4 river rats (Sewer)
  6 shadow imps
  3 white imps
  4 ufetubi
  2 dart slugs
  54 orcs
  5 endoplasms
  2 giant cockroaches (D:2)
  16 goblins
  9 hobgoblins
  12 jackals
  13 kobolds
  2 quokkas (D:5)
  11 ball pythons
  2 bats
  8 frilled lizards
  14 rats
370 creatures vanquished.

Vanquished Creatures (collateral kills)
  2 gnolls (D:4)
  An orc (D:4)
  An endoplasm (D:4)
  A kobold (D:4)
  A rat (D:4)
6 creatures vanquished.

Vanquished Creatures (others)
  An orc wizard (D:10)
1 creature vanquished.

Grand Total: 377 creatures vanquished

Notes
Turn   | Place    | Note
-------+----------+-------------------------------------------
     0 | D:1      | Ijustatesigmund the Gargoyle Fighter began the quest for
                  | the Orb.
     0 | D:1      | Reached XP level 1. HP: 14/14 MP: 1/1
    67 | D:1      | Reached XP level 2. HP: 19/19 MP: 2/2
   637 | D:1      | Reached XP level 3. HP: 22/23 MP: 3/3
  1544 | D:2      | Reached XP level 4. HP: 20/29 MP: 4/4
  1745 | D:3      | You fall into a shaft and drop 3 floors!
  1894 | D:6      | Reached skill level 4 in Fighting
  1894 | D:6      | Reached XP level 5. HP: 20/33 MP: 5/5
  2055 | D:5      | Entered Level 5 of the Dungeon
  2117 | D:4      | Found a glowing drain.
  2123 | D:4      | Noticed an ogre
  2126 | Sewer    | Entered a sewer
  2159 | Sewer    | Noticed a kobold brigand
  2183 | Sewer    | Killed a kobold brigand
  2184 | Sewer    | Reached XP level 6. HP: 10/39 MP: 6/6
  2487 | Sewer    | Reached skill level 1 in Evocations
  2715 | Sewer    | Reached skill level 5 in Fighting
  2715 | Sewer    | Reached XP level 7. HP: 35/44 MP: 5/7
  2901 | Sewer    | Reached skill level 5 in Maces & Flails
  3712 | D:3      | Reached skill level 6 in Fighting
  3712 | D:3      | Reached XP level 8. HP: 37/51 MP: 8/8
  3913 | D:3      | Found a sacrificial altar of Ru.
  4348 | D:4      | Identified the +1 helmet of Tomorrow {rF+ rN++ Str-3
                  | Slay-2}
  4348 | D:4      | Noticed Robin
  4587 | D:4      | Killed Robin
  4959 | D:4      | Found a hazy altar of Hepliaklqana.
  5321 | D:5      | Reached skill level 7 in Fighting
  5391 | D:5      | Found Ememuniemo's Tremendous Tomes.
  5553 | D:5      | Noticed Ijyb
  5578 | D:4      | Killed Ijyb
  5886 | D:5      | Noticed Blork the orc
  5894 | D:5      | Killed Blork the orc
  5895 | D:5      | Reached skill level 8 in Fighting
  6141 | D:5      | Reached XP level 9. HP: 53/60 MP: 9/9
  6286 | D:6      | Found an iron altar of Okawaru.
  6321 | D:6      | Reached skill level 9 in Fighting
  6533 | D:6      | Found Ylogroba's Weapon Emporium.
  7038 | D:7      | Found a hide-covered altar of Uskayaw.
  7108 | D:7      | Reached skill level 10 in Fighting
  7219 | D:7      | Found a white marble altar of Elyvilon.
  7385 | D:7      | Reached skill level 11 in Fighting
  7413 | D:7      | Killed an unseen horror
  7633 | D:7      | Found a bloodstained altar of Trog.
  7750 | D:7      | Found a staircase to the Ecumenical Temple.
  7966 | Temple   | Entered the Ecumenical Temple
  7985 | Temple   | Became a worshipper of Vehumet
  8034 | D:8      | Reached skill level 12 in Fighting
  8120 | D:8      | Noticed Prince Ribbit
  8151 | D:8      | Killed Prince Ribbit
  8152 | D:8      | Reached XP level 10. HP: 72/72 MP: 10/10
  8399 | D:8      | Reached skill level 13 in Fighting
  9175 | D:9      | Reached * piety under Vehumet
  9175 | D:9      | Offered knowledge of Sting by Vehumet.
  9182 | D:9      | Found a blossoming altar of Fedhas.
  9199 | D:9      | Found a flagged portal.
  9216 | Bailey   | Entered a bailey
  9427 | Bailey   | Offered knowledge of Shock by Vehumet.
  9436 | Bailey   | Reached ** piety under Vehumet
  9468 | Bailey   | Reached skill level 14 in Fighting
  9701 | Bailey   | Identified the staff "Rinujin" {rElec rF+ Int-4 Necro Fire
                  | Alchemy}
 10386 | D:9      | Reached skill level 1 in Dodging
 10526 | D:10     | Entered Level 10 of the Dungeon
 10570 | D:10     | Reached XP level 11. HP: 76/80 MP: 11/11
 10714 | D:10     | Reached skill level 1 in Spellcasting
 10717 | D:10     | Offered knowledge of Momentum Strike by Vehumet.
 10761 | D:10     | Found a staircase to the Orcish Mines.
 10767 | D:10     | Reached *** piety under Vehumet
 10920 | D:10     | Found a staircase to the Lair.
 10961 | D:10     | Offered knowledge of Brom's Barrelling Boulder by Vehumet.
 11192 | D:10     | Noticed a tengu warrior
 11231 | D:10     | Killed a tengu warrior
 11317 | D:9      | Reached skill level 5 in Spellcasting
 11704 | D:10     | Found a stormy altar of Qazlal.
 11849 | D:11     | Noticed a cyclops
 11856 | D:11     | Killed a cyclops
 11883 | D:11     | Reached **** piety under Vehumet
 11990 | D:11     | Noticed a boulder beetle
 12003 | D:11     | Killed a boulder beetle
 12103 | D:11     | You fall into a shaft and drop 1 floor!
 12105 | D:12     | Noticed a two-headed ogre
 12110 | D:12     | Killed a two-headed ogre
 12515 | D:12     | Offered knowledge of Sticky Flame by Vehumet.
 12609 | D:12     | Noticed a manticore
 12615 | D:12     | Killed a manticore
 12616 | D:12     | Reached skill level 5 in Armour
 12616 | D:12     | Reached XP level 12. HP: 69/86 MP: 22/22
 12678 | D:12     | Noticed a two-headed ogre
 12685 | D:12     | Killed a two-headed ogre
 12688 | D:12     | Noticed a two-headed ogre
 12694 | D:12     | Killed a two-headed ogre
 12744 | D:12     | Reached skill level 15 in Fighting
 12845 | D:12     | Noticed a two-headed ogre
 12857 | D:12     | Killed a two-headed ogre
 13251 | D:13     | Found a gate to the Vaults.
 13326 | D:13     | Found a gate leading to a gauntlet.
 13335 | Gauntlet | Entered a Gauntlet
 13335 | Gauntlet | Found a transporter.
 13335 | Gauntlet | Found a transporter.
 13336 | Gauntlet | Noticed a death scarab
 13346 | Gauntlet | Found a transporter.
 13347 | Gauntlet | Noticed a soul eater
 13357 | Gauntlet | Killed a soul eater
 13367 | Gauntlet | Found a transporter.
 13383 | Gauntlet | Found a transporter.
 13406 | Gauntlet | Found a transporter.
 13408 | Gauntlet | Noticed a great orb of eyes
 13423 | Gauntlet | Killed a great orb of eyes
 13436 | Gauntlet | Demolished by a white ugly thing

Illustrated notes

Levels and vault maps discovered:
D:1:      scummos_arrival_simple_crosswalls, layout_loops_corners
D:2:      layout_loops_ring
D:3:      layout_rooms, mainiacjoe_overflow_six_doors_small
D:4:      layout_rooms, worldfamousw_hep_ancestral_shrine, serial_curves,
          eino_curves_04, eino_curves_01, cheibrodos_sewer_entry_drain,
          minmay_goblin_kobold_house, uniq_robin
D:5:      layout_loops_corners, nicolae_shop_i_like_big_books,
          roderic_lattice_a, uniq_blork_the_orc, uniq_ijyb
D:6:      layout_gridville, okawaru_trees_1, serial_shops,
          nicolae_shop_bloodbath_and_beyond
D:7:      layout_basic, mainiacjoe_overflow_chevrons, old_standard_altar,
          nicolae_elyvilon_temple_path, minmay_temple_entry_poolview
D:8:      mumra_celtic_spiral_tile, layout_cave_pools, uniq_prince_ribbit1
D:9:      layout_basic, mainiacjoe_overflow_paths, lightli_bailey_entry_fortress
D:10:     layout_loops_cross, lemuel_crystal_altar, david_lair_shrubbed,
          hiddenorc2_lemuel, minmay_chambers_of_fives
D:11:     layout_roguey
D:12:     layout_basic
D:13:     layout_gridville, hellmonk_vaults_attempted_burglary,
          gauntlet_entry_generic, minivault_5, tgw_xom
Temple:   nicolae_temple_great_sept
Gauntlet: gammafunk_gauntlet_hard_choice [nicolae_gauntlet_arena_blocks,
          nicolae_gauntlet_swirl, nicolae_gauntlet_arena_x,
          gammafunk_gauntlet_arena_grid, nicolae_gauntlet_arena_quarters,
          gammafunk_gauntlet_arena_split_diamond, gauntlet_exit_hidden_loot]

Skill      XL: |  1  2  3  4  5  6  7  8  9 10 11 12 |
---------------+-------------------------------------+-----
Maces & Flails | 3 4 5 6 7 8 9 |  9.7
Fighting       | 4 5 6 8 12 14 15 | 15.5
Armour         | 4 5 7 |  7.5
Shields        | 4 |  4.3
Evocations     | 1 3 |  3.1
Dodging        | 3 4 |  4.2
Spellcasting   | 7 |  7.1

Action                     |  1- 3 |  4- 6 |  7- 9 | 10-12 || total
---------------------------+-------+-------+-------+-------++-------
  Melee: Flail             |   113 |   190 |   590 |   726 ||  1619
  Evoke: Wand              |       |       |     7 |    10 ||    17
         Lightning rod     |       |       |       |     6 ||     6
    Use: Scroll            |       |     6 |    13 |     6 ||    25
         Potion            |       |     1 |     3 |     6 ||    10
   Stab: Invisible         |       |       |       |     1 ||     1
         Distracted        |       |       |       |     1 ||     1
 Armour: Scale mail        |    77 |   155 |   491 |   515 ||  1238
         Acid dragon scale |       |       |       |   254 ||   254
  Dodge: Dodged            |    51 |   102 |   246 |   474 ||   873
  Block: Buckler           |    27 |    60 |   162 |   324 ||   573
